| TOP OF THE 1ST |
|
Hudson Valley Renegades batting - Pitching for Aberdeen Ironbirds : RHP Brent Widder
|
|
Pitching: RHP Brent Widder
|
|
|
Batting: LHB Dan Hunt
|
0-0: Called Strike 0-1: Called Strike 0-2: Foul Ball, location: 2F 0-2: TRIPLE (Flyball, 89XD, EV 113.8 MPH)
|
|
Batting: LHB Mark Marvin
|
0-0: Ball 1-0: Ball 2-0: SINGLE (Line Drive, 7S, EV 98.8 MPH) Dan Hunt scores
|
|
Batting: SHB Suljo Dokic
|
0-0: Ball Mark Marvin is caught stealing 2nd base 2-6 1-0: Called Strike 1-1: Ball 2-1: Swinging Strike 2-2: Foul Ball, location: 2F 2-2: Foul Ball, location: 2F 2-2: Ground out 6-3 (Groundball, 6D, EV 109.4 MPH)
|
|
Batting: RHB Jesse Haddad
|
0-0: Ball 1-0: Called Strike 1-1: Foul Ball, location: 2F 1-2: Ball 2-2: Ground out U3 (Groundball, 34, EV 78.8 MPH)
|
| Top of the 1st over - 1 run, 2 hits, 0 errors, 0 left on base; Hudson Valley 1 - Aberdeen 0 |
| BOTTOM OF THE 1ST |
|
Aberdeen Ironbirds batting - Pitching for Hudson Valley Renegades : RHP Kevin Stewart
|
|
Pitching: RHP Kevin Stewart
|
|
|
Batting: RHB Rudo Garciaparra
|
0-0: Ball 1-0: Swinging Strike 1-1: Ball 2-1: Called Strike 2-2: Ball 3-2: Foul Ball, location: 2F 3-2: Base on Balls
|
|
Batting: RHB Jordan Wallace
|
0-0: Ball Rudo Garciaparra is caught stealing 2nd base 2-4 1-0: Swinging Strike 1-1: Swinging Strike 1-2: Ball 2-2: Strikes out swinging
|
|
Batting: LHB Raul Rojas
|
0-0: Fly out, F8 (Line Drive, 8RM, EV 95.6 MPH)
|
| Bottom of the 1st over - 0 runs, 0 hits, 0 errors, 0 left on base; Hudson Valley 1 - Aberdeen 0 |
| TOP OF THE 2ND |
|
Hudson Valley Renegades batting - Pitching for Aberdeen Ironbirds : RHP Brent Widder
|
|
Batting: RHB Freddy Mullen
|
0-0: Called Strike 0-1: SINGLE (Groundball, 6D, EV 99.4 MPH)
|
|
Batting: RHB Mark Richert
|
0-0: Ball 1-0: Grounds into double play, 5-4-3 (Groundball, 56S, EV 80.0 MPH)
|
|
Batting: RHB Khalil Walker
|
0-0: Swinging Strike 0-1: Ball 1-1: Ball 2-1: Ground out 3-1 (Groundball, 34S, EV 85.6 MPH)
|
| Top of the 2nd over - 0 runs, 1 hit, 0 errors, 0 left on base; Hudson Valley 1 - Aberdeen 0 |
| BOTTOM OF THE 2ND |
|
Aberdeen Ironbirds batting - Pitching for Hudson Valley Renegades : RHP Kevin Stewart
|
|
Batting: LHB Tim Mulholland
|
0-0: Ball 1-0: Ball 2-0: Called Strike 2-1: Foul Ball, location: 2F 2-2: Ground out 5-3 (Groundball, 56, EV 86.9 MPH)
|
|
Batting: SHB Jorge Brito
|
0-0: Ball 1-0: Swinging Strike 1-1: Foul Ball, location: 2F 1-2: Strikes out swinging
|
|
Batting: LHB David Best
|
0-0: Swinging Strike 0-1: Ball 1-1: Fly out, F8 (Flyball, 8RD, EV 100.0 MPH)
|
| Bottom of the 2nd over - 0 runs, 0 hits, 0 errors, 0 left on base; Hudson Valley 1 - Aberdeen 0 |
| TOP OF THE 3RD |
|
Hudson Valley Renegades batting - Pitching for Aberdeen Ironbirds : RHP Brent Widder
|
|
Batting: SHB Josif Popovski
|
0-0: Ball 1-0: Ball 2-0: Foul Ball, location: 2F 2-1: Bunted foul 2-2: Fly out, F8 (Flyball, 78D, EV 102.5 MPH)
|
|
Batting: RHB Chris Glavin
|
0-0: Called Strike 0-1: Foul Ball, location: 2F 0-2: Strikes out looking
|
|
Batting: LHB Dan Hunt
|
0-0: Called Strike 0-1: Ball 1-1: Fly out, F9 (Flyball, 9, EV 73.1 MPH)
|
| Top of the 3rd over - 0 runs, 0 hits, 0 errors, 0 left on base; Hudson Valley 1 - Aberdeen 0 |
| BOTTOM OF THE 3RD |
|
Aberdeen Ironbirds batting - Pitching for Hudson Valley Renegades : RHP Kevin Stewart
|
|
Batting: LHB Shane Free
|
0-0: Ball 1-0: Swinging Strike 1-1: Ball 2-1: Foul Ball, location: 2F 2-2: Strikes out looking
|
|
Batting: RHB Juan Estrada
|
0-0: Ball 1-0: Called Strike 1-1: Called Strike 1-2: Strikes out swinging
|
|
Batting: SHB Tyler Myatt
|
0-0: Ground out 4-3 (Groundball, 4, EV 90.6 MPH)
|
| Bottom of the 3rd over - 0 runs, 0 hits, 0 errors, 0 left on base; Hudson Valley 1 - Aberdeen 0 |
| TOP OF THE 4TH |
|
Hudson Valley Renegades batting - Pitching for Aberdeen Ironbirds : RHP Brent Widder
|
|
Batting: LHB Mark Marvin
|
0-0: Ball 1-0: Called Strike 1-1: Ball 2-1: Swinging Strike 2-2: Foul Ball, location: 2F 2-2: Ball 3-2: Strikes out swinging
|
|
Batting: SHB Suljo Dokic
|
0-0: Called Strike 0-1: Ball 1-1: Foul Ball, location: 2F 1-2: Ground out 6-3 (Groundball, 56, EV 108.1 MPH)
|
|
Batting: RHB Jesse Haddad
|
0-0: Ball 1-0: Foul Ball, location: 2F 1-1: Called Strike 1-2: Ball 2-2: SINGLE (Flyball, 89M, EV 93.8 MPH)
|
|
Batting: RHB Freddy Mullen
|
0-0: Called Strike 0-1: Ball 1-1: Ball 2-1: DOUBLE (Flyball, 89XD, EV 95.0 MPH) Jesse Haddad to third Runner from 3rd tries for Home, SAFE, no throw by RF
|
|
Batting: RHB Mark Richert
|
0-0: Swinging Strike 0-1: SINGLE (Groundball, 6D, EV 94.4 MPH) Freddy Mullen to third Runner from 3rd tries for Home, SAFE, throw by CF to home
|
|
Batting: RHB Khalil Walker
|
0-0: Ball Wild Pitch! Mark Richert to second 1-0: Ball 2-0: Ball 3-0: Base on Balls
|
|
Batting: SHB Josif Popovski
|
0-0: Called Strike 0-1: Ball 1-1: Ball 2-1: Swinging Strike 2-2: Foul Ball, location: 2F 2-2: Fly out, F8 (Line Drive, 8LD, EV 90.0 MPH)
|
| Top of the 4th over - 2 runs, 3 hits, 0 errors, 2 left on base; Hudson Valley 3 - Aberdeen 0 |
| BOTTOM OF THE 4TH |
|
Aberdeen Ironbirds batting - Pitching for Hudson Valley Renegades : RHP Kevin Stewart
|
|
Batting: RHB Rudo Garciaparra
|
0-0: Swinging Strike 0-1: Ball 1-1: Ball 2-1: SINGLE (Groundball, 6MD, EV 107.5 MPH)
|
|
Batting: RHB Jordan Wallace
|
0-0: Ball 1-0: Called Strike 1-1: Called Strike Rudo Garciaparra steals 2nd base (no throw) 1-2: Foul Ball, location: 2F 1-2: Ball 2-2: Ball 3-2: Ground out 4-3 (Groundball, 4, EV 83.8 MPH) Rudo Garciaparra to third
|
|
Batting: LHB Raul Rojas
|
0-0: Ball 1-0: Ball 2-0: Ball 3-0: Base on Balls
|
|
Batting: LHB Tim Mulholland
|
0-0: Called Strike 0-1: Ball 1-1: 3-RUN HOME RUN (Flyball, 7LD, EV 98.8 MPH), Distance : 360 ft
|
|
Batting: SHB Jorge Brito
|
0-0: Foul Ball, location: 2F 0-1: Swinging Strike 0-2: Ball 1-2: Ball 2-2: Ball 3-2: Strikes out looking
|
|
Batting: LHB David Best
|
0-0: Ball 1-0: Ball 2-0: Called Strike 2-1: Foul Ball, location: 2F 2-2: Foul Ball, location: 2F 2-2: Foul Ball, location: 2F 2-2: Foul Ball, location: 2F 2-2: Strikes out looking
|
| Bottom of the 4th over - 3 runs, 2 hits, 0 errors, 0 left on base; Hudson Valley 3 - Aberdeen 3 |
| TOP OF THE 5TH |
|
Hudson Valley Renegades batting - Pitching for Aberdeen Ironbirds : RHP Brent Widder
|
|
Batting: RHB Chris Glavin
|
0-0: Ball 1-0: Ball 2-0: Bunt missed! 2-1: Swinging Strike 2-2: DOUBLE (Line Drive, 7LD, EV 112.5 MPH)
|
|
Pitching: RHP Toshiyuki Funaki
|
|
|
Batting: LHB Dan Hunt
|
0-0: Called Strike 0-1: Ball 1-1: Foul Ball, location: 2F 1-2: Foul Ball, location: 2F 1-2: Ball 2-2: Foul Ball, location: 2F 2-2: Ball Wild Pitch! Chris Glavin to third 3-2: Strikes out swinging
|
|
Batting: LHB Mark Marvin
|
0-0: Ball 1-0: Foul Ball, location: 2F 1-1: Ball 2-1: Ball 3-1: Fly out, F8 (Flyball, 8RS, EV 80.0 MPH)
|
|
Batting: SHB Suljo Dokic
|
0-0: Ball Passed Ball! Chris Glavin scores 1-0: Ball 2-0: Called Strike 2-1: Called Strike 2-2: Ball 3-2: Foul Ball, location: 2F 3-2: SINGLE (Groundball, 34D, EV 94.4 MPH)
|
|
Batting: RHB Jesse Haddad
|
0-0: Foul Ball, location: 2F 0-1: Ball 1-1: Foul Ball, location: 2F 1-2: Ball 2-2: Strikes out swinging
|
| Top of the 5th over - 1 run, 2 hits, 0 errors, 1 left on base; Hudson Valley 4 - Aberdeen 3 |
| BOTTOM OF THE 5TH |
|
Aberdeen Ironbirds batting - Pitching for Hudson Valley Renegades : RHP Kevin Stewart
|
|
Batting: LHB Shane Free
|
0-0: Swinging Strike 0-1: Called Strike 0-2: SINGLE (Groundball, 4M, EV 88.8 MPH) (infield hit)
|
|
Batting: RHB Juan Estrada
|
0-0: Fly out, F9 (Flyball, 9, EV 73.1 MPH)
|
|
Batting: SHB Tyler Myatt
|
0-0: Ball Shane Free steals 2nd base 1-0: Swinging Strike 1-1: Ball 2-1: Ball 3-1: Foul Ball, location: 2F 3-2: Strikes out swinging
|
|
Batting: RHB Rudo Garciaparra
|
0-0: Foul Ball, location: 2F 0-1: Ball 1-1: Ground out 5-3 (Groundball, 5, EV 81.2 MPH)
|
| Bottom of the 5th over - 0 runs, 1 hit, 0 errors, 1 left on base; Hudson Valley 4 - Aberdeen 3 |
| TOP OF THE 6TH |
|
Hudson Valley Renegades batting - Pitching for Aberdeen Ironbirds : RHP Toshiyuki Funaki
|
|
Batting: RHB Freddy Mullen
|
0-0: Called Strike 0-1: Fly out, F9 (Flyball, 9, EV 94.4 MPH)
|
|
Batting: RHB Mark Richert
|
0-0: Called Strike 0-1: Ball 1-1: SINGLE (Groundball, 4D, EV 97.5 MPH)
|
|
Batting: RHB Khalil Walker
|
0-0: Called Strike 0-1: Ball Mark Richert steals 2nd base 1-1: Foul Ball, location: 2F 1-2: Strikes out looking
|
|
Batting: SHB Josif Popovski
|
0-0: Called Strike 0-1: Foul Ball, location: 2F 0-2: Foul Ball, location: 2F 0-2: Foul Ball, location: 2F 0-2: Strikes out looking
|
| Top of the 6th over - 0 runs, 1 hit, 0 errors, 1 left on base; Hudson Valley 4 - Aberdeen 3 |
| BOTTOM OF THE 6TH |
|
Aberdeen Ironbirds batting - Pitching for Hudson Valley Renegades : RHP Kevin Stewart
|
|
Batting: RHB Jordan Wallace
|
0-0: Called Strike 0-1: DOUBLE (Line Drive, 7LD, EV 105.0 MPH)
|
|
Batting: LHB Raul Rojas
|
0-0: Swinging Strike 0-1: Ball 1-1: Called Strike 1-2: Strikes out looking
|
|
Batting: LHB Tim Mulholland
|
0-0: Ball 1-0: Called Strike 1-1: Ball 2-1: Foul Ball, location: 2F 2-2: SINGLE (Groundball, 25, EV 64.4 MPH) (infield hit) Jordan Wallace to third
|
|
Batting: SHB Jorge Brito
|
0-0: Ball 1-0: Ball 2-0: Foul Ball, location: 2F 2-1: Ball Tim Mulholland steals 2nd base 3-1: Base on Balls
|
|
Pitching: RHP Juan Estrella
|
|
|
Batting: LHB David Best
|
0-0: Ball 1-0: Ball 2-0: Ball 3-0: Base on Balls Jordan Wallace scores Tim Mulholland to third Jorge Brito to second
|
|
Batting: LHB Shane Free
|
0-0: Ball 1-0: Ball 2-0: Ball 3-0: Foul Ball, location: 2F 3-1: Foul Ball, location: 2F 3-2: Foul Ball, location: 2F 3-2: Foul Ball, location: 2F 3-2: Base on Balls Tim Mulholland scores Jorge Brito to third David Best to second
|
|
Batting: RHB Juan Estrada
|
0-0: Ball 1-0: Ball 2-0: Called Strike 2-1: Foul Ball, location: 2F 2-2: Foul Ball, location: 2F 2-2: Strikes out looking
|
|
Batting: SHB Tyler Myatt
|
0-0: Foul Ball, location: 2F 0-1: Swinging Strike 0-2: Ball 1-2: Strikes out looking
|
| Bottom of the 6th over - 2 runs, 2 hits, 0 errors, 3 left on base; Hudson Valley 4 - Aberdeen 5 |
| TOP OF THE 7TH |
|
Hudson Valley Renegades batting - Pitching for Aberdeen Ironbirds : RHP Toshiyuki Funaki
|
|
Pitching: RHP Jon Juarez
|
|
|
Pinch Hitting: SHB Tirta Subandrio
|
0-0: Called Strike 0-1: Ball 1-1: Ball 2-1: Foul Ball, location: 2F 2-2: Strikes out swinging
|
|
Batting: LHB Dan Hunt
|
0-0: Ball 1-0: Foul Ball, location: 2F 1-1: Foul Ball, location: 2F 1-2: Ball 2-2: Ball 3-2: Base on Balls
|
|
Batting: LHB Mark Marvin
|
0-0: Ball Dan Hunt steals 2nd base 1-0: Called Strike 1-1: Called Strike Dan Hunt is caught stealing 3rd base 2-5 1-2: Foul Ball, location: 2F 1-2: Foul Ball, location: 2F 1-2: Foul Ball, location: 2F 1-2: Foul Ball, location: 2F 1-2: Foul Ball, location: 2F 1-2: Ball 2-2: Ball 3-2: DOUBLE (Flyball, 8RD, EV 93.1 MPH)
|
|
Batting: SHB Suljo Dokic
|
0-0: Ball 1-0: Ball 2-0: Called Strike 2-1: Ball 3-1: Base on Balls
|
|
Batting: RHB Jesse Haddad
|
0-0: Called Strike 0-1: Ball 1-1: Ball 2-1: Ball 3-1: Ground out 3-1 (Groundball, 34S, EV 87.5 MPH)
|
| Top of the 7th over - 0 runs, 1 hit, 0 errors, 2 left on base; Hudson Valley 4 - Aberdeen 5 |
| BOTTOM OF THE 7TH |
|
Aberdeen Ironbirds batting - Pitching for Hudson Valley Renegades : RHP Juan Estrella
|
|
Now at 3B: Khalil Walker
|
|
|
Now at SS: Tirta Subandrio
|
|
|
Batting: RHB Rudo Garciaparra
|
0-0: Called Strike 0-1: Foul Ball, location: 2F 0-2: Ball 1-2: Ball 2-2: Foul Ball, location: 2F 2-2: Ball 3-2: Ground out 6-3 (Groundball, 6M, EV 87.5 MPH)
|
|
Batting: RHB Jordan Wallace
|
0-0: Swinging Strike 0-1: Ball 1-1: Ball 2-1: Swinging Strike 2-2: Ball 3-2: Fly out, F8 (Flyball, 8LD, EV 98.8 MPH)
|
|
Batting: LHB Raul Rojas
|
0-0: Foul Ball, location: 2F 0-1: Foul Ball, location: 2F 0-2: Ball 1-2: Foul Ball, location: 2F 1-2: Strikes out swinging
|
| Bottom of the 7th over - 0 runs, 0 hits, 0 errors, 0 left on base; Hudson Valley 4 - Aberdeen 5 |
| TOP OF THE 8TH |
|
Hudson Valley Renegades batting - Pitching for Aberdeen Ironbirds : RHP Jon Juarez
|
|
Pitching: LHP Vinny Duarte
|
|
|
Now in LF: David Best
|
|
|
Now in RF: Hunter Neumann
|
|
|
Batting: RHB Freddy Mullen
|
0-0: Ball 1-0: Ball 2-0: Ball 3-0: Called Strike 3-1: Swinging Strike 3-2: Foul Ball, location: 2F 3-2: Strikes out swinging, 2-3 out at first.
|
|
Batting: RHB Mark Richert
|
0-0: Called Strike 0-1: Ball 1-1: Ball 2-1: Foul Ball, location: 2F 2-2: Ball 3-2: Fly out, F3 (Line Drive, 3, EV 69.4 MPH)
|
|
Batting: RHB Khalil Walker
|
0-0: Called Strike 0-1: Foul Ball, location: 2F 0-2: Ball 1-2: Strikes out swinging
|
| Top of the 8th over - 0 runs, 0 hits, 0 errors, 0 left on base; Hudson Valley 4 - Aberdeen 5 |
| BOTTOM OF THE 8TH |
|
Aberdeen Ironbirds batting - Pitching for Hudson Valley Renegades : RHP Juan Estrella
|
|
Pitching: LHP Hugo Aquino
|
|
|
Batting: LHB Tim Mulholland
|
0-0: DOUBLE (Line Drive, 8LD, EV 94.4 MPH)
|
|
Batting: SHB Jorge Brito
|
0-0: Ball 1-0: Ball 2-0: Called Strike 2-1: Ground out 4-3 (Groundball, 4, EV 83.8 MPH) Tim Mulholland to third
|
|
Batting: LHB David Best
|
0-0: Ball 1-0: Swinging Strike 1-1: Foul Ball, location: 2F 1-2: Foul Ball, location: 2F 1-2: SINGLE (Groundball, 56, EV 106.9 MPH) Tim Mulholland scores
|
|
Batting: LHB Shane Free
|
0-0: Called Strike 0-1: Ball 1-1: Ball 2-1: Ball 3-1: Foul Ball, location: 2F 3-2: Foul Ball, location: 2F 3-2: SINGLE (Groundball, 4MS, EV 66.2 MPH) (infield hit) David Best to second
|
|
Pitching: RHP Josh McMahan
|
|
|
Batting: RHB Hunter Neumann
|
0-0: Swinging Strike 0-1: Ball Wild Pitch! David Best to third Shane Free to second 1-1: Swinging Strike 1-2: Foul Ball, location: 2F 1-2: Fly out, F8 (Flyball, 78D, EV 102.5 MPH) Runner from 3rd tags up, SCORES, throw by CF Shane Free to third
|
|
Batting: SHB Tyler Myatt
|
0-0: Swinging Strike 0-1: Foul Ball, location: 2F 0-2: Ball 1-2: Foul Ball, location: 2F 1-2: Ball 2-2: Foul Ball, location: 2F 2-2: Ball 3-2: Strikes out looking
|
| Bottom of the 8th over - 2 runs, 3 hits, 0 errors, 1 left on base; Hudson Valley 4 - Aberdeen 7 |
| TOP OF THE 9TH |
|
Hudson Valley Renegades batting - Pitching for Aberdeen Ironbirds : LHP Vinny Duarte
|
|
Pitching: LHP Randy Adams
|
|
|
Batting: SHB Josif Popovski
|
0-0: Ball 1-0: Foul Ball, location: 2F 1-1: Swinging Strike 1-2: Foul Ball, location: 2F 1-2: Ball 2-2: Fly out, F9 (Flyball, 9, EV 91.2 MPH)
|
|
Pinch Hitting: RHB Orlando Herrera
|
0-0: Ball 1-0: Called Strike 1-1: Ball 2-1: Foul Ball, location: 2F 2-2: Ground out U3 (Groundball, 3L, EV 88.8 MPH)
|
|
Batting: LHB Dan Hunt
|
0-0: Called Strike 0-1: Called Strike 0-2: Strikes out looking
|
| Top of the 9th over - 0 runs, 0 hits, 0 errors, 0 left on base; Hudson Valley 4 - Aberdeen 7 |
|